Map: Blackpink LE

Players

Neeb

  • Race: Protoss Protoss
  • Spawn Location: 1:00

Serral - Winner!

  • Race: Zerg Zerg
  • Spawn Location: 7:00

Event: WESG 2017 Haikou

VOD

Have the link to the VOD?

Description

Time

  • Played on: March 17, 2018, 12:26 a.m.
  • Length: 4:52

All games in this series

Show
View Real Time Build Order
Export as new Build Order

Neeb Protoss 

Build Orders: 1 Gate Expand, Oracle Opening, Phoenix Opening 

Get SALT Encoding   

  12  0:00  Probe  
  13  0:12  Probe  
  14  0:17  Pylon  
  14  0:25  Probe  
  15  0:33  Assimilator  
  15  0:37  Probe (Chrono Boost)  
  16  0:44  Gateway  
  16  0:48  Probe (Chrono Boost)  
  17  0:53  Probe (Chrono Boost)  
  18  1:03  Probe  
  19  1:16  Probe  
  20  1:22  Nexus  
  20  1:31  Cybernetics Core  
  20  1:34  Probe  
  21  1:40  Assimilator  
  21  1:47  Probe  
  22  1:49  Pylon  
  22  1:59  Probe  
  23  2:06  Adept (Chrono Boost)  
  25  2:11  Probe  
  25  2:12  Stargate  
  26  2:24  Adept (Chrono Boost), Probe  
  29  2:34  Probe  
  29  2:36  Probe  
  31  2:42  Adept  
  33  2:46  Probe  
  33  2:48  Probe  
  33  2:50  Warp Gate  
  35  2:56  Oracle (Chrono Boost)  
  35  2:58  Probe  
  36  3:00  Probe  
  38  3:10  Probe  
  38  3:12  Probe  
  42  3:18  Pylon  
  42  3:26  Gateway  
  42  3:27  Pylon  
  40  3:35  Phoenix (Chrono Boost)  
  40  3:38  Adept  
  40  3:39  Pylon  
  40  3:40  Probe, Pylon  
  43  3:49  Shield Battery  
  43  3:55  Oracle (Chrono Boost)  
  43  4:01  Gateway  
  46  4:04  Pylon  
  40  4:22  Oracle (Chrono Boost)  
  43  4:26  Probe x2  
Show
View Real Time Build Order
Export as new Build Order

Serral Zerg - Winner!

Build Orders: Hatch First 

Get SALT Encoding   

  12  0:00  Drone  
  13  0:14  Overlord  
  13  0:17  Drone  
  14  0:32  Drone x2  
  16  0:36  Drone  
  17  0:51  Hatchery  
  17  0:54  Drone  
  17  0:57  Drone  
  17  1:02  Extractor  
  17  1:12  Spawning Pool  
  17  1:15  Drone  
  17  1:19  Drone  
  18  1:29  Drone  
  19  1:40  Overlord  
  19  1:51  Drone  
  20  1:58  Queen  
  22  2:02  Metabolic Boost, Queen  
  22  2:03  Zergling x2  
  22  2:07  Zergling x2  
  28  2:15  Zergling x4  
  28  2:24  Zergling x4  
  30  2:41  Hatchery, Drone  
  30  2:47  Queen  
  32  2:51  Zergling x2  
  32  2:58  Spore Crawler  
  32  3:00  Zergling x4  
  33  3:08  Evolution Chamber  
  33  3:10  Zergling x4  
  34  3:13  Zergling x2  
  34  3:18  Zergling x2  
  36  3:22  Overlord  
  33  3:34  Zergling x6  
  33  3:41  Zergling x4  
  37  3:52  Zergling x8  
  41  4:04  Zergling x8  
  43  4:13  Zergling x6  
  45  4:18  Zergling x2  
  44  4:26  Zergling x6  
  44  4:32  Zergling x4  
Tags
 
Add a new tag
Caveats
  • Supply blocks, unpowered buildings, or Contaminate may cause inaccurate times.
  • Supply counts are checked every 10 seconds.